 Dungeon Crawl Stone Soup version 0.15.2 (webtiles) character file.

418 HopeRidesAlone the Insei (level 6, 0/47 HPs)
             Began as a Mummy Monk on Oct 24, 2015.
             Slain by an orc
             ... wielding a +0 mace
              (4 damage)
             ... on Level 5 of the Dungeon.
             The game lasted 00:08:52 (5003 turns).

HopeRidesAlone the Insei (Mummy Monk)               Turns: 5003, Time: 00:08:53

HP   0/47        AC  2     Str 14      XL: 6   Next: 61%
MP   6/6         EV 13     Int  9      God:
Gold 175         SH  0     Dex 16      Spells:  0 memorised,  5 levels left

rFire  x . .     SeeInvis .       - Unarmed
rCold  + . .     Clarity  .     (no armour)
rNeg   + + +     rCorr    .     (no shield)
rPois  +         rRot     +     i - +1 helmet
rElec  .         Spirit   .     (no cloak)
SustAb .         Warding  .     (no gloves)
rMut   .         Stasis   .     (no boots)
Gourm  .                        (no amulet)
MR     +....                    f - ring of protection from magic
                                d - ring of regeneration

@: somewhat resistant to hostile enchantments, unstealthy
A: no food or potions, fire vulnerability, restore body, cold resistance 1,
negative energy resistance 3, poison resistance, torment resistance, unbreathing
a: no special abilities


You were on level 5 of the Dungeon.
You were not hungry.

You visited 1 branch of the dungeon, and saw 5 of its levels.

You collected 175 gold pieces.


Innate Abilities, Weirdness & Mutations

You do not eat or drink.
Your flesh is vulnerable to fire.
Your flesh is cold resistant.
You are immune to negative energy.
Your system is resistant to poisons.
You are immune to unholy pain and torment.
You can survive without breathing.


   Skills:
 - Level 3.0 Fighting
 - Level 2.4 Dodging
 - Level 1.5 Stealth
 + Level 6.7 Unarmed Combat


You had 5 spell levels left.
You didn't know any spells.

Inventory:

Armour
 i - a +1 helmet (worn)
 j - the +6 scale mail of Sesyhuqa {rF++, unknown}

   It greatly protects you from fire.
Scrolls
 a - a scroll of fog
 c - 4 scrolls of remove curse
 e - a scroll of enchant weapon
 g - a scroll of magic mapping
 h - a scroll of teleportation {@r4}
 k - 3 scrolls of identify {@r1}
Jewellery
 d - a ring of regeneration (left hand)
 f - a ring of protection from magic (right hand)

Dungeon Overview and Level Annotations

Branches:
Dungeon (5/15)
 Temple: D:4-7

Altars:
Nemelex Xobeh

Annotations:
D:2 exclusion: door, Crazy Yiuf

#.# #.######.# #.# #.# #.#
##.## ###.#########...#####
#................)..#
#.#.########..o.###.# #.#.#
#.#o## #.......oo #.#.#
#.#o# ###.##### #.#.# #.#M#
.# #.#.# #.#.# # #.#<####
#.#.. #.#....# #.####
#.####.# #[# #### #.# #.#
#.# #.. #.###.### #.# #.#
##...(..###.#######.##
#....................#####.#


You could see an orc priest, an orc wizard and an orc.


Message History

The orc wizard is moderately wounded.
The orc wizard completely misses you. The orc wizard casts a spell at you.
The magic dart hits you!
You punch the orc wizard!
The orc wizard is severely wounded.
The orc priest mumbles some strange prayers to Beogh against you.
Something smites you! The orc wizard hits you with a dagger.
* * * LOW HITPOINT WARNING * * *
You miss the orc wizard.
The orc wizard is severely wounded.
The orc wizard closely misses you.
The orc priest calls upon Beogh to heal the orc wizard.
The orc wizard is healed somewhat.
The orc priest calls upon Beogh to heal the orc wizard.
The orc wizard is healed somewhat.
The orc wizard points at you and mumbles some strange words.
The magic dart hits you!
* * * LOW HITPOINT WARNING * * *
The orc priest calls down the wrath of Beogh upon you.
Something smites you!
* * * LOW HITPOINT WARNING * * *
The orc wizard points at you and mumbles some strange words.
The magic dart hits you!
* * * LOW HITPOINT WARNING * * *
The orc wizard mumbles some strange words.
The orc wizard blinks!
There is a stone staircase leading up here.
The orc hits you with a mace.
You die...

Action                   |  1- 3 |  4- 6 || total
-------------------------+-------+-------++-------
Melee: Unarmed           |   148 |   306 ||   454
  Use: Scroll            |       |     9 ||     9
 Stab: Sleeping          |     4 |     2 ||     6
       Distracted        |     1 |       ||     1

Vault maps used:
D:1:      minmay_arrival_four_loops, minmay_rat_gold_closets
D:2:      hex_large, nemelex_deck, uniq_crazy_yiuf_cottage, uniq_terence
D:3:      nicolae_overflow_hidden_temple
D:4:      gup_sewer_entry_glass, first_bread

Notes
Turn   | Place    | Note
--------------------------------------------------------------
     0 | D:1      | HopeRidesAlone, the Mummy Monk, began the quest for the Orb.
     0 | D:1      | Reached XP level 1. HP: 18/18 MP: 1/1
   235 | D:1      | Reached XP level 2. HP: 24/24 MP: 2/2
   371 | D:1      | HP: 1/24 [hobgoblin (4)]
   940 | D:1      | Reached skill level 4 in Unarmed Combat
  1117 | D:1      | Reached XP level 3. HP: 10/29 MP: 3/3
  2140 | D:2      | Noticed Crazy Yiuf
  2253 | D:2      | Reached XP level 4. HP: 24/35 MP: 4/4
  2808 | D:2      | Noticed Terence
  2849 | D:2      | Killed Terence
  3165 | D:2      | Reached skill level 5 in Unarmed Combat
  3203 | D:2      | Found a sparkling altar of Nemelex Xobeh.
  3649 | D:3      | Reached XP level 5. HP: 35/41 MP: 5/5
  4114 | D:4      | Reached skill level 6 in Unarmed Combat
  4198 | D:4      | Reached XP level 6. HP: 29/47 MP: 6/6
  4352 | D:4      | Found a glowing drain.
  4384 | D:5      | Entered Level 5 of the Dungeon
  4962 | D:5      | Got an ichor-stained scale mail
  4999 | D:5      | HP: 1/47 [orc wizard/magic dart (5)]
  5003 | D:5      | Slain by an orc

Vanquished Creatures
  An orc priest (D:3)
  A giant frog skeleton (D:4)
  A worker ant (D:4)
  5 orc wizards
  Terence (D:2)
  7 adders
  A shadow imp (D:5)
  A giant mite (D:2)
  A gnoll zombie (D:5)
  2 giant geckos (D:2)
  An ooze (D:2)
  12 orcs (D:4)
  8 giant cockroaches
  10 goblins
  9 hobgoblins
  7 jackals
  11 kobolds
  A ball python (D:1)
  7 bats
  7 giant newts
  21 rats
115 creatures vanquished.
